 Dungeon Crawl Stone Soup version 0.17.0-15-g6d90897 (webtiles) character file.

1488 dorian the Blocker (level 9, 64/64 HPs)
             Began as a Formicid Fighter on Nov 10, 2015.
             Quit the game in the Ecumenical Temple.
             The game lasted 00:13:14 (6416 turns).

dorian the Blocker (Formicid Fighter)               Turns: 6416, Time: 00:13:14

Health: 64/64      AC:  9    Str: 25    XL:     9   Next: 7%
Magic:  9/9        EV:  9    Int: 11    God:
Gold:   305        SH: 11    Dex: 10    Spells: 0 memorised, 8 levels left

rFire  + . .     SeeInvis +     a - +0 war axe
rCold  . . .     Clarity  .     b - +0 scale mail
rNeg   . . .     SustAt   .     c - +0 shield
rPois  .         Gourm    .     (helmet unavailable)
rElec  .         Spirit   .     H - +0 cloak
rCorr  .         Warding  .     (no gloves)
rMut   .         Stasis   +     (no boots)
MR     .....                    n - amulet of stasis
Stlth  ..........               x - ring of protection from fire
                                j - +4 ring of intelligence

@: not resistant to hostile enchantments, extremely unstealthy
A: permanent stasis, dig shafts and tunnels, four strong arms, antennae 3
a: Dig, Shaft Self


You were in the Ecumenical Temple.
You were not hungry.

You visited 2 branches of the dungeon, and saw 8 of its levels.

You collected 305 gold pieces.

Inventory:

Hand Weapons
 a - a +0 war axe (weapon)
Armour
 b - a +0 scale mail (worn)
 c - a +0 shield (worn)
 H - a +0 cloak (worn)
Jewellery
 j - a +4 ring of intelligence (left hand)
 n - an amulet of stasis (around neck)
 w - a cursed ring of teleportation {unknown}
 x - a ring of protection from fire (right hand)
 y - a cursed ring of loudness {unknown}
 C - a +4 ring of strength {unknown}
 J - an uncursed ring of protection from magic {unknown}
 P - an uncursed ring of ice {unknown}
Wands
 B - a wand of cold (0)
 O - a wand of flame (27)
Scrolls
 g - a scroll of magic mapping {unknown}
 l - 5 scrolls of remove curse {unknown}
 m - 5 scrolls of identify {unknown}
 p - 7 scrolls of recharging {unknown}
 q - 2 scrolls of enchant armour {unknown}
 r - 3 scrolls of teleportation {unknown}
 s - 4 scrolls of random uselessness {unknown}
 v - a scroll of enchant weapon {unknown}
 E - a scroll of amnesia {unknown}
 L - a scroll of fear {unknown}
Potions
 d - a potion of might
 f - 2 potions of curing {unknown}
 h - a potion of flight {unknown}
 k - 4 potions of lignification {unknown}
 o - a potion of resistance {unknown}
 t - a potion of magic {unknown}
 u - 3 potions of agility {unknown}
 z - a potion of invisibility {unknown}
 F - a potion of heal wounds {unknown}
 I - a potion of poison {unknown}
Books
 K - a Grand Grimoire

   Spells                             Type                      Level
   a - Monstrous Menagerie            Summoning                    6
   b - Summon Greater Demon           Summoning                    7
   c - Malign Gateway                 Summoning/Translocation      7
   d - Summon Horrible Things         Summoning                    8
 M - a book of Air

   Spells                             Type                      Level
   a - Shock                          Conjuration/Air              1
   b - Swiftness                      Charms/Air                   2
   c - Repel Missiles                 Charms/Air                   2
   d - Static Discharge               Conjuration/Air              3
   e - Lightning Bolt                 Conjuration/Air              5
 N - an Akashic Record

   Spells                             Type                      Level
   a - Dispersal                      Translocation                6
   b - Malign Gateway                 Summoning/Translocation      7
   c - Disjunction                    Translocation                8
   d - Controlled Blink               Translocation                8
Comestibles
 e - 3 bread rations
 i - 4 fruits
 A - 2 slices of pizza
 D - a meat ration
 G - a beef jerky


   Skills:
 - Level 3.2 Fighting
 + Level 6.4 Axes
 + Level 7.3 Armour
 + Level 8.3 Shields


You had 8 spell levels left.
You didn't know any spells.

Dungeon Overview and Level Annotations

Branches:
Dungeon (7/15)             Temple (1/1) D:6

Altars:
Ashenzari
Cheibriados
Dithmenos
Elyvilon
Fedhas
Gozag
Kikubaaqudgha
Makhleb
Nemelex Xobeh
Okawaru
Qazlal
Ru
Sif Muna
Vehumet
Xom
Yredelemnul
The Shining One


Innate Abilities, Weirdness & Mutations

You are under a permanent stasis effect.
You can dig through walls and to a lower floor.
Your four strong arms can wield two-handed weapons with a shield.
You have a pair of large antennae on your head (SInv).


Message History

Found a scimitar.
P - a coral ring
Found a staircase to the Ecumenical Temple.
There is a staircase to the Ecumenical Temple here.
You climb downwards.
Welcome to the Ecumenical Temple!
There is a staircase back to the Dungeon here.
Found a shadowy altar of Dithmenos.
Found a sacrificial altar of Ru.
Found an iron altar of Okawaru.
Found an opulent altar of Gozag.
Found a burning altar of Makhleb.
Found a basalt altar of Yredelemnul.
Done exploring.
Done exploring.
Search for what [Enter for "lugo", or ? for help]? lugo Can't find anything matching that.
There is a staircase back to the Dungeon here.
Welcome back, dorian the Formicid Fighter.
Press ? for a list of commands and other information.
Are you sure you want to abandon this character and quit the game? (Confirm with "yes".)

##.._..## ##.......# #########
##......### ######### ........#
#.....#########........ #.._...##
#....#####........._...
##......###....#................#
##......###........######.....##
###......###.........######.##
######........@........######
##.######.........###......###
##.....######........###......##
#................#....###......##
..._.........#####....# ##..._..#
........#########.....# #........
######### ###......## #########
#.......## ##.._..##


There were no monsters in sight!

Vanquished Creatures
  Sigmund (D:3)
  An ice beast (D:5)
  2 phantoms (D:4)
  A sky beast (D:6)
  3 ogres
  A centaur (D:5)
  3 scorpions
  A centaur zombie (D:6)
  A hound (D:5)
  A jelly (D:6)
  A centaur skeleton (D:5)
  A giant frog skeleton (D:4)
  2 orc wizards (D:4)
  2 worker ants (D:6)
  3 hound zombies (D:6)
  Robin (D:4)
  10 adders
  An ooze (D:3)
  An adder skeleton (D:4)
  3 adder zombies
  3 worms
  4 giant geckos
  13 orcs
  14 goblins
  7 hobgoblins
  6 jackals
  4 kobolds
  3 quokkas
  A ball python zombie (D:5)
  10 bats
  A giant cockroach (D:2)
  A giant gecko zombie (D:6)
  4 giant newts
  A jackal skeleton (D:5)
  2 quokka zombies (D:6)
  6 rats
120 creatures vanquished.

Notes
Turn   | Place    | Note
--------------------------------------------------------------
     0 | D:1      | dorian the Formicid Fighter began the quest for the Orb.
     0 | D:1      | Reached XP level 1. HP: 18/18 MP: 1/1
   234 | D:1      | Reached XP level 2. HP: 20/24 MP: 2/2
   305 | D:1      | Reached skill level 4 in Shields
   844 | D:2      | Reached XP level 3. HP: 29/29 MP: 3/3
  1231 | D:2      | Found a snail-covered altar of Cheibriados.
  1542 | D:2      | Reached XP level 4. HP: 35/35 MP: 4/4
  1815 | D:3      | Reached XP level 5. HP: 41/41 MP: 5/5
  2089 | D:3      | Reached skill level 5 in Shields
  2188 | D:3      | Noticed Sigmund
  2201 | D:3      | Killed Sigmund
  2201 | D:3      | Reached XP level 6. HP: 8/47 MP: 6/6
  2639 | D:3      | Reached skill level 5 in Armour
  3227 | D:4      | Noticed Robin
  3256 | D:4      | Reached skill level 6 in Shields
  3256 | D:4      | Reached XP level 7. HP: 12/52 MP: 7/7
  3298 | D:4      | Killed Robin
  3948 | D:4      | Found a shimmering altar of Xom.
  3959 | D:4      | Found a stormy altar of Qazlal.
  3960 | D:4      | Found a white marble altar of Elyvilon.
  3960 | D:4      | Found a radiant altar of Vehumet.
  3961 | D:4      | Found a sparkling altar of Nemelex Xobeh.
  3965 | D:4      | Found an ancient bone altar of Kikubaaqudgha.
  4016 | D:4      | Found a shattered altar of Ashenzari.
  4100 | D:4      | Found a blossoming altar of Fedhas.
  4121 | D:4      | Reached skill level 5 in Axes
  4121 | D:4      | Reached XP level 8. HP: 7/58 MP: 8/8
  4323 | D:4      | Reached skill level 7 in Shields
  4574 | D:5      | Entered Level 5 of the Dungeon
  4621 | D:5      | Found a shattered altar of Ashenzari.
  5459 | D:5      | You fall through a shaft for 2 floors!
  5460 | D:7      | Found a deep blue altar of Sif Muna.
  5528 | D:6      | Reached skill level 8 in Shields
  5606 | D:6      | Reached XP level 9. HP: 48/64 MP: 9/9
  5756 | D:5      | Found a glowing golden altar of the Shining One.
  6309 | D:6      | Found a staircase to the Ecumenical Temple.
  6318 | Temple   | Entered the Ecumenical Temple
  6416 | Temple   | Quit the game

Action                   |  1- 3 |  4- 6 |  7- 9 || total
-------------------------+-------+-------+-------++-------
Melee: War axe           |    83 |   100 |   244 ||   427
 Abil: Dig               |       |       |     1 ||     1
Evoke: Wand              |       |       |     2 ||     2
  Eat: Chunk             |     2 |     2 |    10 ||    14
       Fruit             |       |     2 |     1 ||     3
       Beef jerky        |       |     1 |       ||     1
